 Dungeon Crawl Stone Soup version 0.24.1-8-ga250c9d538 (webtiles) character file.

Game seed: 12943891282890474964, levelgen mode: deterministic

34 Hugehornet the Changer (level 3, 0/23 HPs)
             Began as an Octopode Transmuter on May 4, 2020.
             Slain by Jessica (3 damage)
             ... on level 2 of the Dungeon.
             The game lasted 00:04:03 (1681 turns).

Hugehornet the Changer (Octopode Transmuter)        Turns: 1681, Time: 00:04:04

Health: 0/23       AC:  3    Str:  9    XL:     3   Next: 31%
Magic:  6/6        EV: 13    Int: 16    God:
Gold:   85         SH:  0    Dex: 12    Spells: 0/6 levels left

rFire    . . .     SeeInvis .     - Unarmed
rCold    . . .     Gourm    .   (no shield)
rNeg     . . .     Faith    .   h - +2 hat
rPois    +         Spirit   .   b - amulet of magic regeneration
rElec    .         Reflect  .   l - ring of poison resistance
rCorr    .         Harm     .   (no ring)
MR       .....                  (no ring)
Stlth    ++........             (no ring)
HPRegen  0.07/turn              (no ring)
MPRegen  0.35/turn              (no ring)
                                (no ring)
                                (no ring)

@: appendage (expiring)
A: almost no armour, stealthy swim, amphibious, 8 rings, constrict 8, tentacle
spike 3, camouflage 1, gelatinous body 1
a: End Transformation


You were on level 2 of the Dungeon.
You were not hungry.
One of your tentacles had a temporary spike.
You visited 1 branch of the dungeon, and saw 2 of its levels.

You collected 85 gold pieces.

Inventory:

Missiles
 a - 27 arrows
Armour
 h - a +2 hat (worn)
Jewellery
 b - an amulet of magic regeneration (around mantle)
 g - an uncursed amulet of guardian spirit
 l - a ring of poison resistance (left tentacle)
Scrolls
 d - 4 scrolls of identify
 f - a scroll of fog {unknown}
 j - a scroll of enchant armour {unknown}
 k - a scroll of fear {unknown}
 m - a scroll of enchant weapon {unknown}
 o - a scroll of remove curse {unknown}
Potions
 e - 2 potions of agility
 i - 2 potions of brilliance
Comestibles
 c - a ration
 n - 4 chunks of flesh


   Skills:
 - Level 1.0 Fighting
 - Level 2.0 Dodging
 - Level 3.0 Unarmed Combat
 - Level 2.0 Spellcasting
 + Level 3.6 Transmutations


You couldn't memorise any spells.
You knew the following spells:

 Your Spells              Type           Power        Failure   Level  Hunger
a - Beastly Appendage     Tmut           ##....       4%          1    #......
b - Sticks to Snakes      Tmut           ##......     7%          2    ###....
c - Spider Form           Tmut/Pois      #.........   28%         3    ###....

Your spell library contained the following spells:

 Spells                   Type           Power        Failure   Level  Hunger
 Ice Form                 Ice/Tmut       #.......     67%         4    #####..
 Blade Hands              Tmut           ##........   77%         5    ######.


Dungeon Overview and Level Annotations

Branches:
Dungeon (2/15)

Altars:

Annotations:
D:2 Jessica


Innate Abilities, Weirdness & Mutations

You cannot wear most types of armour.
You are very stealthy in the water. (Stealth+)
You are amphibious.
You can wear up to eight rings at the same time.
You can use your tentacles to constrict eight enemies at once.
Your skin changes colour to match your surroundings (Stealth+).
Your rubbery body absorbs attacks. (AC +1, EV +1)
One of your tentacles bears a large vicious spike.


Message History

Found 21 stones.
You tentacle-slap Jessica but do no damage.
Your grab misses Jessica. Jessica casts a spell at you.
Pain shoots through your body!
You tentacle-slap Jessica but do no damage.
Your grab misses Jessica. Your squeeze misses Jessica.
Jessica gestures at you while chanting. Pain shoots through your body!
* * * LOW HITPOINT WARNING * * *
You are too injured to fight recklessly!
You tentacle-slap Jessica but do no damage.
You grab Jessica.
You pierce Jessica, but do no damage.
You squeeze Jessica, but do no damage.
You constrict Jessica, but do no damage.
Jessica hits you but does no damage.
You barely miss Jessica.
You pierce Jessica.
Jessica is severely wounded.
You constrict Jessica. Jessica hits you.
You die...

#.(....# #......#
#......# #......#
#......# #......#
#....@.######
#....@......#
#.....#####.#
#......†..#.#
#.....###.#.# .####
####.####.#.# .....
........#.#### ##.
###.#.........# #..
#...........# #..
###.........#####..


You could see Jessica.

Vanquished Creatures
  An adder (D:2)
  A worm (D:2)
  3 goblins
  7 hobgoblins
  A kobold (D:1)
  2 bats
  2 frilled lizards
  4 rats
  A bush (D:1)
  2 plants (D:1)
24 creatures vanquished.

Notes
Turn   | Place    | Note
-------+----------+-------------------------------------------
     0 | D:1      | Hugehornet the Octopode Transmuter began the quest for the
                  | Orb.
     0 | D:1      | Reached XP level 1. HP: 13/13 MP: 3/3
   229 | D:1      | Reached XP level 2. HP: 16/18 MP: 3/5
   236 | D:1      | Learned a level 2 spell: Sticks to Snakes
  1442 | D:2      | Reached XP level 3. HP: 16/23 MP: 6/6
  1447 | D:2      | Learned a level 3 spell: Spider Form
  1674 | D:2      | Noticed Jessica
  1681 | D:2      | Slain by Jessica

Levels and vault maps discovered:
D:1:      eino_arrival_cavern_a, layout_basic, serial_forest,
          infiniplex_forest_split, infiniplex_forest_lined_ring,
          infiniplex_forest_corner_2, infiniplex_forest_straight_2,
          infiniplex_forest_clump_cross, infiniplex_forest_end_3,
          infiniplex_forest_clump_small
D:2:      minmay_kobold_bridge, layout_basic, minmay_tetromino_l2, uniq_jessica

Skill      XL: |  1  2 |
---------------+-------+-----
Transmutations | 3 |  3.6
Fighting       | |  1.0
Dodging        | |  2.0
Unarmed Combat | |  3.0
Spellcasting   | |  2.0

Action                   || total
-------------------------++-------
Melee: Unarmed           ||   199
       Constrict         ||    14
       Punch             ||     1
       Tentacles         ||    47
       Kick              ||    30
 Cast: Beastly Appendage ||    20
  Use: Scroll            ||     2
 Stab: Sleeping          ||     5
  Eat: Ration            ||     1
Armor: Skin              ||     4
Dodge: Dodged            ||    19
